 Dungeon Crawl Stone Soup version 0.29.0-11-gd7f09526c8 (webtiles) character file.

Game seed: 14325048544327658363

2965 Lekart the Cutter (level 9, -6/71 HPs)
             Began as a White Draconian Chaos Knight on Sept 2, 2022.
             Was a Plaything of Xom.
             Mangled by an orc knight
             ... wielding a +0 glaive
              (32 damage)
             ... in a bailey.
             The game lasted 00:15:10 (5945 turns).

Lekart the Cutter (White Draconian Chaos Knight)    Turns: 5945, Time: 00:15:11

Health: -6/71      AC: 11    Str: 16    XL:     9   Next: 52%
Magic:  13/13      EV: 14    Int: 17    God:    Xom [....*.]
Gold:   489        SH:  5    Dex: 12    Spells: 11/13 levels left

rFire   . . .      SeeInvis +   m - +8 dagger "Oheips" {flame, rN+ Int+3 SInv Stlth-}
rCold   + . .      Faith    .   (no shield)
rNeg    + . .      Spirit   .   (body armour unavailable)
rPois   +          Reflect  +   (helmet restricted)
rElec   .          Harm     .   k - +0 cloak
rCorr   .          Rampage  .   (no gloves)
Will    .....                   e - +2 pair of boots
Stlth   ..........              z - amulet of reflection
HPRegen 0.00/turn               (no ring)
MPRegen 0.13/turn               (no ring)

@: inhibited regen, unable to read
A: breathe frost, AC +7, unfitting armour, cold resistance 1, cold-blooded,
deterioration 1, frail 1, passive freeze, poison resistance, inhibited
regeneration, inability to read after injury 1
a: Breathe Frost, Renounce Religion


You were in a bailey.
You worshipped Xom.
You were a beloved toy of Xom.
You visited 2 branches of the dungeon, and saw 8 of its levels.
You also visited: Sewer and Bailey.

You collected 489 gold pieces.

Inventory:

Hand Weapons
 a - a +2 falchion of chaos
 m - the +8 dagger "Oheips" (weapon) {flame, rN+ Int+3 SInv Stlth-}
   (You found it on level 2 of the Dungeon)

   It burns those it strikes, dealing additional fire damage.
   Int:       It affects your intelligence (+3).
   rN:        It protects you from negative energy.
   SInv:      It lets you see invisible.
   Stlth:     It makes you less stealthy.
 x - a +4 battleaxe
Armour
 e - a +2 pair of boots (worn)
 k - a +0 cloak (worn)
Jewellery
 g - an amulet of magic regeneration
 v - a ring of protection from fire
 z - an amulet of reflection (around neck)
Wands
 y - a wand of iceblast (8)
Scrolls
 i - a scroll of fear
 j - a scroll of magic mapping
 l - a scroll of noise
 n - 2 scrolls of blinking
 r - a scroll of summoning
 t - a scroll of teleportation
Potions
 c - 5 potions of heal wounds
 d - a potion of flight
 f - a potion of magic
 h - 3 potions of haste
 o - 2 potions of cancellation
 p - 6 potions of might
 q - a potion of lignification
 s - 3 potions of curing {unknown}
 u - 2 potions of resistance {unknown}
 w - 2 potions of invisibility {unknown}
 A - a potion of mutation
Miscellaneous
 b - a piece from Xom's chessboard (15/15) (quivered)


   Skills:
 + Level 7.1 Fighting
 + Level 7.6(8.2) Short Blades
 + Level 4.6(6.7) Long Blades
 + Level 6.3 Dodging
 + Level 0.4 Shields
 + Level 2.7 Spellcasting
 + Level 3.7 Transmutations
 + Level 0.3 Evocations


You had 11 spell levels left.
You knew the following spells:

 Your Spells              Type           Power      Damage    Failure   Level
a - Wereblood             Tmut           15%        N/A       6%          2

Your spell library contained the following spells:

 Spells                   Type           Power      Damage    Failure   Level
 Slow                     Hex            8%         N/A       19%         1
 Ensorcelled Hibernation  Hex/Ice        4%         N/A       26%         2
 Scorch                   Fire           4%         2d5       26%         2
 Sublimation of Blood     Necr           2%         N/A       26%         2
 Spider Form              Tmut/Pois      8%         N/A       26%         3
 Call Canine Familiar     Summ           2%         N/A       47%         3
 Confusing Touch          Hex            2%         N/A       47%         3
 Inner Flame              Hex/Fire       2%         N/A       47%         3
 Portal Projectile        Hex/Tloc       4%         N/A       47%         3
 Summon Guardian Golem    Hex/Summ       2%         N/A       47%         3
 Vampiric Draining        Necr           2%         2d6       47%         3
 Anguish                  Hex/Necr       1%         N/A       87%         4
 Flame Wave               Conj/Fire      2%         2d4       87%         4
 Alistair's Intoxication  Tmut/Pois      5%         N/A       93%         5
 Borgnjor's Vile Clutch   Necr/Erth      1%         N/A       99%         5
 Iskenderun's Battlesphe  Conj           2%         2d6       99%         5
 Eringya's Noxious Bog    Tmut/Pois      4%         N/A       100%        6
 Iron Shot                Conj/Erth      1%         9d1       100%        6
 Summon Cactus Giant      Summ           1%         N/A       100%        6
 Haunt                    Necr/Summ      1%         N/A       100%        7
 Spellforged Servitor     Conj/Summ      1%         N/A       100%        7
 Summon Hydra             Summ           1%         N/A       100%        7


Dungeon Overview and Level Annotations

Branches:
Dungeon (7/15)             Temple (1/1) D:5           Sewer (visited)
 Bailey (1/1)

Altars:
Ashenzari
Cheibriados
Dithmenos
Elyvilon
Fedhas
Gozag
Hepliaklqana
Kikubaaqudgha
Makhleb
Qazlal
Sif Muna
Uskayaw
Wu Jian
Xom
Yredelemnul
Zin
The Shining One

Shops:
D:4 ?   D:5 (*


Innate Abilities, Weirdness & Mutations

You can breathe waves of freezing cold which knock back foes.
Your icy white scales are hard. (AC +7)
You cannot fit into any form of body armour.
Your flesh is cold resistant. (rC+)
You are cold-blooded and may be slowed by cold attacks.
Your body sometimes deteriorates upon taking damage.
You are frail. (-10% HP)
A frigid envelope surrounds you and freezes all who hurt you.
Your system is resistant to poisons. (rPois)
You do not regenerate when monsters are visible.
You occasionally lose the ability to read scrolls when taking damage.


Message History

Your +0 war axe hits the orc knight!
The orc knight hits your +0 war axe with a +0 glaive!!
An orc warrior comes into view. It is wielding a +0 halberd.
Your +0 war axe hits the orc knight.
Unknown command.
Your +0 war axe hits the orc knight!
The orc knight hits your +0 war axe with a +0 glaive!
Your +0 war axe falls from the air.
Aiming: Iceblast
Press: ? - help, Shift-Dir - straight line, f/p - orc knight
Aim: an orc knight, wielding a +0 glaive and wearing a +0 chain mail (severely wounded)
The mass of ice explodes!
The iceblast engulfs the orc knight.
The orc knight is severely wounded.
The iceblast engulfs the orc warrior but does no damage.
Aiming: Iceblast
Press: ? - help, Shift-Dir - straight line, f/p - orc knight
Aim: an orc knight, wielding a +0 glaive and wearing a +0 chain mail (severely wounded)
The mass of ice explodes!
The iceblast engulfs the orc knight.
The orc knight is severely wounded.
The iceblast engulfs the orc warrior!
The orc warrior is moderately wounded.
Aiming: Iceblast
Press: ? - help, Shift-Dir - straight line, f/p - orc knight
Aim: an orc knight, wielding a +0 glaive and wearing a +0 chain mail (severely wounded)
The mass of ice explodes!
The iceblast engulfs the orc knight but does no damage.
The orc knight is severely wounded.
The iceblast engulfs the orc warrior!
The orc warrior is severely wounded.
Aiming: Iceblast
Press: ? - help, Shift-Dir - straight line, f/p - orc knight
Aim: an orc knight, wielding a +0 glaive and wearing a +0 chain mail (severely wounded)
The mass of ice explodes!
The iceblast engulfs the orc knight!
The orc knight is severely wounded.
The iceblast engulfs the orc warrior!!
You kill the orc warrior!
The orc knight hits you from afar with a +0 glaive!!
You feel threatened and lose the ability to read scrolls!
You die...
Xom is highly amused!

###### ####### ####
......###.....#########...
.......'......)#.....#....
.......'....#))'.....'...#
....)))o.@..)..'.....'....
.......'....#))'.....'...#
.......'....)..#.....#....
......###.....#########...
###### ####### ####


You could see an orc knight.

Vanquished Creatures
  Sigmund (D:3)
  2 vampire mosquitoes (D:7)
  A black bear (D:5)
  An orc warrior (Bailey)
  A sky beast (D:4)
  Pargi (Sewer)
  2 ogres
  2 lemures (D:6)
  A kobold brigand (D:6)
  A necrophage (D:4)
  A bullfrog (D:7)
  2 scorpions (D:4)
  4 wights
  A howler monkey (D:5)
  2 hounds
  3 jellies
  2 orc priests
  2 iguanas
  3 orc wizards
  3 gnolls (D:4)
  12 adders
  A shadow imp (D:6)
  A white imp (D:6)
  An ufetubus (D:4)
  An adder zombie (D:2)
  4 worms
  A dart slug (D:2)
  32 orcs
  A bat skeleton (D:2)
  8 endoplasms
  6 giant cockroaches
  20 goblins
  3 hobgoblins
  10 jackals
  12 kobolds
  4 quokkas (D:2)
  9 ball pythons
  A ball python zombie (D:2)
  5 bats
  9 frilled lizards
  A quokka zombie (D:2)
  3 rats
181 creatures vanquished.

Vanquished Creatures (collateral kills)
  6 orc warriors (Bailey)
  7 orcs (Bailey)
13 creatures vanquished.

Vanquished Creatures (others)
  A dancing weapon (Bailey)
  Pikel (D:5)
  A hobgoblin (D:2)
  7 withered plants (D:2)
10 creatures vanquished.

Grand Total: 204 creatures vanquished

Notes
Turn   | Place    | Note
-------+----------+-------------------------------------------
     0 | D:1      | Lekart the Draconian Chaos Knight began the quest for the
                  | Orb.
     0 | D:1      | Reached XP level 1. HP: 19/19 MP: 1/1
   211 | D:1      | Reached XP level 2. HP: 20/26 MP: 2/2
   259 | D:1      | XOM: god gift: fuming golden potion {god gift}
   543 | D:1      | XOM: cloud trail
   754 | D:1      | XOM: give mutations
   754 | D:1      | Gained mutation: Your mind is acute. (Int +4, Str/Dex -1)
                  | [Xom's grace]
   754 | D:1      | Gained mutation: Your large and strong wings let you fly.
                  | [Xom's grace]
   754 | D:1      | Gained mutation: Your spells are a little harder to cast,
                  | but a little more powerful. [Xom's grace]
   777 | D:1      | Reached XP level 3. HP: 32/33 MP: 3/3
   866 | D:1      | Learned a level 2 spell: Wereblood
   919 | D:2      | XOM: 2-stop teleportation journey
  1025 | D:2      | Identified the +8 dagger "Oheips" {flame, rN+ Int+3 SInv
                  | Stlth-}
  1131 | D:2      | XOM: destruction
  1376 | D:2      | Reached XP level 4. HP: 39/40 MP: 4/4
  1449 | D:2      | Found a faded altar of an unknown god.
  1779 | D:2      | XOM: summons 2 friendly demons
  1784 | D:2      | Reached skill level 1 in Short Blades
  1906 | D:3      | Found a stormy altar of Qazlal.
  1906 | D:3      | Found a burning altar of Makhleb.
  1906 | D:3      | Found a shimmering altar of Xom.
  1907 | D:3      | XOM: noise
  2064 | D:3      | XOM: 1-stop teleportation journey
  2096 | D:3      | Noticed Sigmund
  2105 | D:3      | Killed Sigmund
  2106 | D:3      | Reached skill level 1 in Spellcasting
  2106 | D:3      | Reached XP level 5. HP: 47/47 MP: 4/6
  2106 | D:3      | Reached XP level 6. HP: 53/53 MP: 4/7
  2567 | D:3      | Lost mutation: Your large and strong wings let you fly.
                  | [potion of mutation]
  2567 | D:3      | Lost mutation: Your spells are a little harder to cast, but
                  | a little more powerful. [potion of mutation]
  2567 | D:3      | Lost mutation: Your mind is acute. (Int +4, Str/Dex -1)
                  | [potion of mutation]
  2567 | D:3      | Gained mutation: You are agile. (Dex +4, Str/Int -1)
                  | [potion of mutation]
  2567 | D:3      | Gained mutation: You occasionally lose the ability to read
                  | scrolls when taking damage. [potion of mutation]
  2567 | D:3      | Gained mutation: You are very agile. (Dex +8, Str/Int -2)
                  | [potion of mutation]
  2568 | D:3      | Lost mutation: You are very agile. (Dex +8, Str/Int -2)
                  | [potion of mutation]
  2568 | D:3      | Lost mutation: You are agile. (Dex +4, Str/Int -1) [potion
                  | of mutation]
  2568 | D:3      | Lost mutation: You occasionally lose the ability to read
                  | scrolls when taking damage. [potion of mutation]
  2568 | D:3      | Gained mutation: You occasionally lose the ability to read
                  | scrolls when taking damage. [potion of mutation]
  2568 | D:3      | Gained mutation: A frigid envelope surrounds you and
                  | freezes all who hurt you. [potion of mutation]
  2568 | D:3      | Gained mutation: Your system is resistant to poisons.
                  | (rPois) [potion of mutation]
  2650 | D:4      | Reached skill level 1 in Transmutations
  2656 | D:4      | Noticed a sky beast
  2663 | D:4      | XOM: polymorph hobgoblin -> orc
  2671 | D:4      | XOM: noise
  2676 | D:4      | XOM: smoke on damage
  2678 | D:4      | Killed a sky beast
  2679 | D:4      | Your scales start taking on an icy white colour.
  2679 | D:4      | Reached XP level 7. HP: 39/60 MP: 7/9
  2679 | D:4      | Gained mutation: Your flesh is cold resistant. (rC+) [White
                  | Draconian growth]
  2690 | D:4      | Found a glowing drain.
  2711 | Sewer    | Entered a sewer
  2717 | Sewer    | Noticed Pargi
  2717 | Sewer    | XOM: 1-stop teleportation journey
  2720 | Sewer    | XOM: enchant monster (good)
  2725 | Sewer    | Killed Pargi
  2726 | Sewer    | Reached skill level 5 in Fighting
  2922 | Sewer    | XOM: give mutations
  2922 | Sewer    | Gained mutation: You do not regenerate when monsters are
                  | visible. [Xom's mischief]
  2922 | Sewer    | Gained mutation: Your body sometimes deteriorates upon
                  | taking damage. [Xom's mischief]
  2922 | Sewer    | Gained mutation: You are frail. (-10% HP) [Xom's mischief]
  2947 | Sewer    | XOM: torment (31/54 hp)
  3151 | D:4      | Found Onotept's Magic Scroll Emporium.
  3238 | D:4      | Found an ancient bone altar of Kikubaaqudgha.
  3373 | D:4      | XOM: 2-stop teleportation journey
  3434 | D:4      | XOM: 2-stop teleportation journey
  3445 | D:4      | XOM: god gift: 23 gold pieces
  3538 | D:4      | Found an ornate altar of the Wu Jian Council.
  3539 | D:4      | Found a glowing golden altar of the Shining One.
  3839 | D:5      | Entered Level 5 of the Dungeon
  3849 | D:5      | Found a staircase to the Ecumenical Temple.
  3853 | D:5      | Found Ozitigej's General Store.
  3858 | D:5      | XOM: cast spell 'Disjunction'
  3864 | D:5      | XOM: scenery: create altars
  3875 | D:5      | Reached XP level 8. HP: 20/61 MP: 11/11
  3892 | Temple   | Entered the Ecumenical Temple
  4117 | D:5      | XOM: divination: detect items
  4135 | D:5      | XOM: scenery: summon butterflies
  4167 | D:5      | Reached skill level 5 in Short Blades
  4251 | D:5      | XOM: scenery: summon butterflies
  4373 | D:5      | XOM: scenery: summon butterflies
  4477 | D:5      | Found Bydegutoff's Weapon Shop.
  4519 | D:5      | Found a blossoming altar of Fedhas.
  4640 | D:6      | Found a shimmering blue altar of Sif Muna.
  5030 | D:6      | Reached skill level 5 in Dodging
  5199 | D:6      | Found a hazy altar of Hepliaklqana.
  5324 | D:6      | Noticed Pikel
  5326 | D:6      | XOM: summons friendly white imp
  5342 | D:6      | XOM: cleaving
  5346 | D:5      | Killed Pikel
  5346 | D:5      | XOM: divine lightning
  5347 | D:5      | Reached XP level 9. HP: 30/67 MP: 13/13
  5440 | D:5      | XOM: god gift: Xom's Grimoire of Distraction {god gift}
  5443 | D:5      | Got Xom's Grimoire of Distraction {god gift}
  5597 | D:7      | XOM: 4-stop teleportation journey
  5698 | D:7      | Found a flagged portal.
  5723 | Bailey   | Entered a bailey
  5734 | Bailey   | XOM: fog
  5935 | Bailey   | Noticed an orc knight
  5945 | Bailey   | Mangled by an orc knight

Illustrated notes

Levels and vault maps discovered:
D:1:      lemuel_arrival_room, layout_basic, minmay_3d_cube
D:2:      layout_loops_ring, basic_ecumenical_altar, serial_undead,
          serial_undead_a, serial_undead_c, serial_undead_b, serial_undead_b
D:3:      layout_rooms, chequers_temple_overflow_statue_of_worship, uniq_sigmund
D:4:      layout_cave_pools, nicolae_kikubaaqudgha_miasma_corner,
          mainiacjoe_overflow_divided_tiny, serial_shops, nicolae_diamond_shop,
          cheibrodos_sewer_entry_bend, grunt_ministairs_1
D:5:      layout_cave_pools, lemuel_crystal_altar,
          minmay_temple_entry_overgrown, serial_shops,
          nicolae_shop_bloodbath_and_beyond, nicolae_take_the_stairs,
          dreamdust_wishing_well, dk_vineyard_2
D:6:      layout_gridville, mainiacjoe_overflow_cross_hatched,
          nicolae_hepliaklqana_hippocampus, uniq_pikel
D:7:      minmay_the_grid_plus [minmay_the_grid_paths, minmay_the_grid_slots,
          minmay_the_grid_minigrid_small_alt, minmay_the_grid_embedded,
          minmay_the_grid_prize_four_corners], layout_loops_corners,
          kennysheep_okawaru_gauntlet, enter_bailey_5
Temple:   hellmonk_temple_rainy
Bailey:   bailey_polearm_5, bailey

Skill      XL: |  1  2  3  4  5  6  7  8  9 |
---------------+----------------------------+-----
Fighting       | 4 5 6 7 |  7.1
Long Blades    | 4 |  4.6
Short Blades   | 2 3 4 6 7 |  7.6
Dodging        | 3 4 5 6 |  6.3
Spellcasting   | 1 2 |  2.7
Transmutations | 1 3 |  3.7
Shields        | |  0.4
Evocations     | |  0.3

Action                   |  1- 3 |  4- 6 |  7- 9 || total
-------------------------+-------+-------+-------++-------
Melee: Falchion          |    75 |       |       ||    75
       Tailslap          |    13 |    11 |    19 ||    43
       Punch             |     3 |       |     2 ||     5
       Dagger            |    35 |    94 |   216 ||   345
 Cast: Wereblood         |     2 |     6 |       ||     8
 Abil: Breathe Frost     |       |       |     4 ||     4
Evoke: Piece from Xom's  |       |     1 |       ||     1
       Wand              |       |       |     5 ||     5
  Use: Scroll            |     5 |     9 |     5 ||    19
       Potion            |       |     5 |       ||     5
 Stab: Sleeping          |     1 |       |       ||     1
       Paralysed         |       |     4 |     1 ||     5
Armor: Skin              |    42 |    29 |    65 ||   136
Dodge: Dodged            |    67 |    60 |   134 ||   261
Block: Other             |       |       |    15 ||    15
